 Dungeon Crawl Stone Soup version 0.22.1-5-g62c59d919a (webtiles) character file.

3894 Flure the Cruncher (level 10, -14/63 HPs)
             Began as a Tengu Gladiator on Jan 10, 2019.
             Was a Priest of Okawaru.
             Demolished by a white ugly thing (29 damage)
             ... on level 8 of the Dungeon.
             The game lasted 00:22:15 (7547 turns).

Flure the Cruncher (Tengu Gladiator)                Turns: 7547, Time: 00:22:15

Health: -14/63     AC:  5    Str: 15    XL:     10   Next: 20%
Magic:  12/12      EV: 17    Int:  8    God:    Okawaru [***...]
Gold:   480        SH:  0    Dex: 19    Spells: 9/9 levels left

rFire    . . .     SeeInvis .   a - +0 quarterstaff
rCold    . . .     Gourm    .   (shield currently unavailable)
rNeg     + . .     Faith    .   b - +0 leather armour
rPois    .         Spirit   .   o - +1 hat
rElec    .         Reflect  .   (no cloak)
rCorr    .         Harm     .   c - +0 pair of gloves
MR       .....                  (boots unavailable)
Stlth    ++........             E - amulet of rage
HPRegen  0.20/turn              h - ring of positive energy
MPRegen  0.13/turn              (no ring)

@: no status effects
A: beak, talons 3, able to fly 1
a: Fly, Heroism, Renounce Religion, Evoke Berserk Rage


You were on level 8 of the Dungeon.
You worshipped Okawaru.
Okawaru was most pleased with you.
You were not hungry.

You visited 2 branches of the dungeon, and saw 9 of its levels.

You collected 480 gold pieces.

Inventory:

Hand Weapons
 a - a +0 quarterstaff (weapon)
 v - a +0 blowgun
Missiles
 d - 3 throwing nets
 p - 4 javelins
 r - 19 poisoned needles
 B - 7 tomahawks (quivered)
 G - 3 poisoned tomahawks
Armour
 b - a +0 leather armour (worn)
 c - a +0 pair of gloves (worn)
 o - a +1 hat (worn)
 N - the +18 shield of the Gong {rElec rN+ MR+ EV-5}
   (You found it on level 7 of the Dungeon)

   It affects your evasion (-5).
   It insulates you from electricity.
   It protects you from negative energy.
   It affects your resistance to hostile enchantments.
Magical Staves
 J - an uncursed staff of earth {unknown}
Jewellery
 h - a ring of positive energy (left hand)
 t - an uncursed amulet of the acrobat {unknown}
 E - an amulet of rage (around neck)
Wands
 A - a wand of paralysis (11)
 I - a wand of iceblast (10)
 L - a wand of acid (10)
Scrolls
 e - 2 scrolls of magic mapping
 j - 2 scrolls of remove curse
 m - 2 scrolls of amnesia
 q - a scroll of enchant weapon {unknown}
 w - a scroll of enchant armour {unknown}
 x - a scroll of identify
 y - 3 scrolls of teleportation {unknown}
 C - a scroll of noise {unknown}
 D - a scroll of fear
 F - a scroll of vulnerability {unknown}
 O - a scroll of blinking {unknown}
Potions
 g - 5 potions of curing
 i - a potion of mutation {unknown}
 k - 3 potions of might
 l - a potion of berserk rage {unknown}
 n - a potion of ambrosia {unknown}
 s - a potion of resistance {unknown}
 z - a potion of flight {unknown}
 H - a potion of haste
 K - a potion of agility {unknown}
 M - a potion of magic {unknown}
 P - 2 potions of lignification {unknown}
Comestibles
 f - 19 rations
 u - 6 chunks of flesh


   Skills:
 + Level 7.1 Fighting
 * Level 11.5 Staves
 - Level 5.1 Throwing
 * Level 6.6 Dodging
 - Level 1.0 Stealth
 + Level 1.6 Evocations


You had 9 spell levels left.
You didn't know any spells.
Your spell library was empty.

Dungeon Overview and Level Annotations

Branches:
Dungeon (8/15)             Temple (1/1) D:7            Lair (0/6) D:8

Altars:
Elyvilon
Fedhas
Gozag
Makhleb
Okawaru
Trog
Vehumet
The Shining One


Innate Abilities, Weirdness & Mutations

You have a beak for a mouth.
You have claws for feet.
You can fly.


Message History

You start resting.
The white ugly thing is too close now for your liking.
You see here the human corpse of Prince Ribbit.
You see here an arrow.
Put on which piece of jewellery? (? for menu, Esc to quit)
Okay, then.
Throwing (i - inventory. (/) - cycle)
B - 8 tomahawks (quivered)
Press: ? - help, Shift-Dir - straight line, f - white ugly thing
Aim: a white ugly thing (hasn't noticed you)
You throw a tomahawk. The white ugly thing gurgles horribly!
The tomahawk hits the white ugly thing!
The white ugly thing is lightly wounded.
You fail to use your ability.
You fail to use your ability.
The white ugly thing punches you. The white ugly thing freezes you!!
You fail to use your ability.
The white ugly thing punches you!
* * * LOW HITPOINT WARNING * * *
The white ugly thing freezes you!!
You die...

##.........##........[.........
#.....###...#..................
#..##...#...#...####........##
#..#..|.#...#.#.# ##.........#
.....:...... #.# #........).##
.#.. #)###...........# #
.#...#)#<.........##)#.#
.#...#.#††........##...#
.##....u@..........))#..#
##..(##.#.#.#.#.#....#.># ....
#...............##.# ...
##.#.#.#.#.#....# .# .#
#.............(.# .#
##.#.#.#.#.#....##.#
#................#
##.#.#.#.#>#....<#.#
....................


You could see a white ugly thing.

Vanquished Creatures
  A harpy (shapeshifter) (D:8)
  Prince Ribbit (D:8)
  A hornet (D:7)
  An orc warrior (D:8)
  3 sky beasts
  An ice beast (D:8)
  4 ogres
  5 centaurs
  8 bullfrogs
  2 scorpions (D:6)
  3 wights (D:6)
  A crimson imp (D:8)
  2 jellies
  3 orc priests
  8 hounds
  A centaur skeleton (D:8)
  6 orc wizards
  3 iguanas
  5 worker ants
  A howler monkey zombie (D:8)
  2 gnolls (D:1)
  A howler monkey skeleton (D:6)
  10 adders
  2 oozes
  2 adder zombies
  An adder skeleton (D:8)
  4 worms
  A dart slug (D:1)
  3 leopard geckos
  39 orcs
  2 ball pythons
  10 bats
  7 giant cockroaches
  4 goblins
  11 hobgoblins
  17 jackals
  6 quokkas
  4 frilled lizards
  7 kobolds
  A quokka skeleton (D:5)
  9 rats
203 creatures vanquished.

Notes
Turn   | Place    | Note
-------+----------+-------------------------------------------
     0 | D:1      | Flure the Tengu Gladiator began the quest for the Orb.
     0 | D:1      | Reached XP level 1. HP: 12/12 MP: 2/2
    22 | D:1      | Reached XP level 2. HP: 15/17 MP: 3/3
   201 | D:1      | Reached XP level 3. HP: 14/21 MP: 4/4
   258 | D:1      | Reached skill level 4 in Staves
   708 | D:1      | HP: 1/21 [gnoll/flail of protection (9)]
  1171 | D:2      | Found an opulent altar of Gozag.
  1288 | D:2      | Reached XP level 4. HP: 24/26 MP: 5/5
  2191 | D:3      | Gained mutation: You can fly. [Tengu growth]
  2191 | D:3      | Reached XP level 5. HP: 31/31 MP: 6/6
  2802 | D:4      | Reached skill level 5 in Staves
  2963 | D:4      | Reached skill level 1 in Stealth
  3022 | D:4      | Reached XP level 6. HP: 22/36 MP: 7/7
  3315 | D:4      | Reached skill level 6 in Staves
  3422 | D:4      | Reached XP level 7. HP: 23/41 MP: 8/8
  4001 | D:5      | Entered Level 5 of the Dungeon
  4309 | D:5      | Reached skill level 5 in Dodging
  4485 | D:5      | Reached skill level 7 in Staves
  4752 | D:5      | Reached XP level 8. HP: 48/48 MP: 9/9
  5616 | D:6      | Reached skill level 8 in Staves
  5872 | D:6      | Reached skill level 5 in Throwing
  6261 | D:7      | Reached skill level 9 in Staves
  6343 | D:7      | Reached skill level 5 in Fighting
  6343 | D:7      | Reached XP level 9. HP: 39/54 MP: 10/10
  6416 | D:7      | Found the +18 shield of the Gong {rElec rN+ MR+ EV-5}
  6494 | D:7      | Found a staircase to the Ecumenical Temple.
  6509 | Temple   | Entered the Ecumenical Temple
  6554 | Temple   | Became a worshipper of Warmaster Okawaru
  6599 | D:7      | Noticed a hornet
  6636 | D:7      | Killed a hornet
  6932 | D:8      | Found a staircase to the Lair.
  6948 | D:8      | Reached * piety under Okawaru
  6948 | D:8      | Reached skill level 10 in Staves
  7020 | D:8      | Noticed a harpy
  7029 | D:8      | Killed a harpy
  7029 | D:8      | Reached skill level 1 in Evocations
  7035 | D:8      | Reached ** piety under Okawaru
  7176 | D:8      | Reached skill level 11 in Staves
  7224 | D:8      | Reached XP level 10. HP: 39/61 MP: 12/12
  7238 | D:8      | Noticed a white ugly thing
  7365 | D:8      | Noticed Prince Ribbit
  7406 | D:8      | Killed Prince Ribbit
  7477 | D:8      | Reached *** piety under Okawaru
  7547 | D:8      | Demolished by a white ugly thing

Skill      XL: |  1  2  3  4  5  6  7  8  9 10 |
---------------+-------------------------------+-----
Staves         | 4 5 6 7 9 11 | 11.5
Dodging        | 4 5 6 |  6.6
Stealth        | 1 |  1.0
Fighting       | 3 5 6 7 |  7.1
Throwing       | 3 4 5 |  5.1
Evocations     | 1 |  1.6

Action                   |  1- 3 |  4- 6 |  7- 9 | 10-12 || total
-------------------------+-------+-------+-------+-------++-------
Melee: Quarterstaff      |    66 |   126 |   237 |    37 ||   466
       Peck              |    10 |    20 |    46 |     8 ||    84
       Kick              |    14 |    23 |    66 |    14 ||   117
 Fire: Blowgun           |       |    33 |    56 |     6 ||    95
Throw: Javelin           |       |     2 |     4 |       ||     6
       Tomahawk          |       |       |    33 |     7 ||    40
       Throwing net      |       |       |     4 |       ||     4
 Abil: Evoke Berserk Rag |       |       |     1 |       ||     1
Evoke: Wand              |       |       |     4 |       ||     4
  Use: Potion            |       |     2 |       |       ||     2
       Scroll            |       |       |     2 |     5 ||     7
 Stab: Sleeping          |     1 |     1 |     3 |       ||     5
       Held in net/web   |       |       |     3 |       ||     3
       Paralysed         |       |       |     4 |       ||     4
  Eat: Chunk             |     1 |     7 |    13 |     1 ||    22
Armor: Leather armour    |    18 |    25 |    42 |     3 ||    88
Dodge: Dodged            |    53 |    96 |   157 |    16 ||   322
